 Dungeon Crawl Stone Soup version 0.29-a0-582-ge82337ba6a (webtiles) character file.

Game seed: 2203863994613513950

304 spaghetti the Grave Robber (level 6, -6/44 HPs)
             Began as a Gnoll Necromancer on June 15, 2022.
             Killed by miscasting Ignite Poison (8 damage)
             ... on level 4 of the Dungeon.
             The game lasted 00:05:28 (3575 turns).

spaghetti the Grave Robber (Gnoll Necromancer)      Turns: 3575, Time: 00:05:30

Health: -6/44      AC:  5    Str:  6 (7)  XL:     6   Next: 38%
Magic:  11/14      EV: 13    Int: 17      God:
Gold:   172        SH:  0    Dex: 11 (12) Spells: 1/15 levels left

rFire   . . .      SeeInvis .   t - +1 dagger (venom) {short}
rCold   . . .      Faith    .   (no shield)
rNeg    . . .      Spirit   .   a - +0 robe
rPois   .          Reflect  .   q - +2 helmet
rElec   .          Harm     .   (no cloak)
rCorr   .          Rampage  .   (no gloves)
Will    +....      Rnd*Tele +   (no boots)
Stlth   +++.......              (no amulet)
HPRegen 0.14/turn               o - ring of willpower
MPRegen 0.14/turn               (no ring)

@: very slightly contaminated
A: fangs 1, strong nose, distributed training, talons 1, teleportitis 1
a: no special abilities


You were on level 4 of the Dungeon.
You visited 1 branch of the dungeon, and saw 4 of its levels.

You collected 172 gold pieces.


Innate Abilities, Weirdness & Mutations

You have very sharp teeth.
Your uncanny sense of smell can sniff out nearby items.
Your experience applies equally to all skills.
You have sharp toenails.
You are occasionally teleported next to monsters.


   Skills:
 + Level 1.9 Fighting
 + Level 1.9 Short Blades
 + Level 1.9 Long Blades
 + Level 1.9 Axes
 + Level 1.9 Maces & Flails
 + Level 1.9 Polearms
 + Level 1.9 Staves
 + Level 1.9 Slings
 + Level 1.9 Bows
 + Level 1.9 Crossbows
 + Level 1.9 Throwing
 + Level 1.9 Armour
 + Level 5.0 Dodging
 + Level 4.6 Stealth
 + Level 1.9 Shields
 + Level 1.9 Unarmed Combat
 + Level 5.3 Spellcasting
 + Level 1.5 Conjurations
 + Level 1.5 Hexes
 + Level 1.5 Summonings
 + Level 7.3 Necromancy
 + Level 1.5 Translocations
 + Level 1.5 Transmutations
 + Level 1.5 Fire Magic
 + Level 1.5 Ice Magic
 + Level 1.5 Air Magic
 + Level 1.5 Earth Magic
 + Level 1.5 Poison Magic
 + Level 2.1 Invocations
 + Level 1.9 Evocations


You had one spell level left.
You knew the following spells:

 Your Spells              Type           Power      Damage    Failure   Level
a - Necrotize             Necr           100%       1d9       1%          1
b - Call Canine Familiar  Summ           9%         N/A       22%         3
c - Animate Dead          Necr           29%        N/A       7%          4
d - Ignite Poison         Fire/Tmut/Pois 9%         N/A       22%         3
e - Mephitic Cloud        Conj/Pois/Air  9%         N/A       22%         3

Your spell library contained the following spells:

 Spells                   Type           Power      Damage    Failure   Level
 Summon Small Mammal      Summ           36%        N/A       8%          1
 Sublimation of Blood     Necr           29%        N/A       1%          2
 Vampiric Draining        Necr           29%        2d8       1%          3
 Agony                    Necr           29%        N/A       19%         5
 Summon Guardian Golem    Hex/Summ       9%         N/A       22%         3
 Petrify                  Tmut/Erth      9%         N/A       58%         4
 Freezing Cloud           Conj/Ice/Air   4%         6-21      90%         5
 Irradiate                Conj/Tmut      4%         3d14      90%         5

Inventory:

Hand Weapons
 d - a +0 whip {mace}
   (You took it off a gnoll on level 1 of the Dungeon)
 h - a +0 hunting sling {sling}
   (You found it on level 1 of the Dungeon)
 j - a +0 short sword {short}
   (You took it off a kobold on level 1 of the Dungeon)
 l - a +0 dagger of speed {short}
   (You took it off a goblin on level 1 of the Dungeon)
 t - a +1 dagger of venom (weapon) {short}
   (You took it off a goblin on level 2 of the Dungeon)
Missiles
 c - 13 poisoned darts {throwing}
 f - 172 stones {throwing}
Armour
 a - a +0 robe (worn)
 q - a +2 helmet (worn)
   (You found it on level 1 of the Dungeon)
Jewellery
 o - a ring of willpower (left hand)
   (You found it on level 1 of the Dungeon)
Scrolls
 e - a scroll of noise {!r}
 i - a scroll of fog
 k - 3 scrolls of poison {!r}
 m - a scroll of fear {unknown}
 n - 2 scrolls of teleportation {@r4}
 s - a scroll of amnesia {unknown}
 u - a scroll of identify {@r1}
Potions
 g - a potion of flight

Dungeon Overview and Level Annotations

Branches:
Dungeon (4/15)
 Temple: D:4-7

Altars:

Annotations:
D:4 Duvessa

#. ########### #.#
..........# # #.#
###..†....###. . #.#
...........##.#.# #.#
##.............# #.#
######..####..#.#e#
.............#.#@# ∆
...####...#####g#.# .###
###.####.#.#.# ##
#......##### #####....#
#.####### ########.#.##
#.......####
##........#...########......
#..######## #...##......####
##.## ##....#..###


You could see Duvessa (extremely poisoned) and a goblin.


Message History

Casting: Mephitic Cloud (quite dangerous; 22% risk of failure)
Confirm with . or Enter, or press ? or * to list all spells.
The spell is quite dangerous to miscast (22% risk of failure)!
Continue anyway?
Aiming: Mephitic Cloud (quite dangerous; 22% risk of failure)
Press: ? - help, Shift-Dir - straight line, f/p - steam dragon
Aim: a steam dragon (chance to affect: 81%)
The ball explodes into a vile cloud!
The stinking cloud engulfs the steam dragon but does no damage.
You hear a shout!
The steam dragon is engulfed in noxious fumes.
The steam dragon appears confused. 😕 MP[-3]
You lost 3 mp, and now have 8/14 mp.
The steam dragon is engulfed in noxious fumes.
The steam dragon appears confused.
The steam dragon bites Duvessa but does no damage.
The steam dragon claws Duvessa.
Casting: Mephitic Cloud (quite dangerous; 22% risk of failure)
Confirm with . or Enter, or press ? or * to list all spells.
Aiming: Necrotize (safe; 1% risk of failure)
Press: ? - help, Shift-Dir - straight line, f/p - steam dragon
Aim: a steam dragon (noxious fumes, confused, chance to affect: 83%)
The steam dragon writhes in agony.
The steam dragon is engulfed in noxious fumes.
The steam dragon appears confused. 😕 MP[-1]
You lost 1 mp, and now have 7/14 mp.
Casting: Necrotize (safe; 1% risk of failure)
Confirm with . or Enter, or press ? or * to list all spells.
Aiming: Necrotize (safe; 1% risk of failure)
Press: ? - help, Shift-Dir - straight line, f - Duvessa
Aim: Duvessa, wielding a +0 short sword and wearing a +0 leather armour (lightly wounded, chance to affect: 70%)
Okay, then.
Casting: Necrotize (safe; 1% risk of failure)
Confirm with . or Enter, or press ? or * to list all spells.
The spell is quite dangerous to miscast (22% risk of failure)!
Continue anyway?
Aiming: Mephitic Cloud (quite dangerous; 22% risk of failure)
Press: ? - help, Shift-Dir - straight line, f - Duvessa
Aim: Duvessa, wielding a +0 short sword and wearing a +0 leather armour (lightly wounded, chance to affect: 81%)
You miscast Mephitic Cloud.
Nothing appears to happen.
Duvessa says, "Where magic fails, the sword succeeds!"
Something closely misses Duvessa.
Something claws Duvessa but does no damage. 😕 HP[+1] MP[-3]
You lost 3 mp, and now have 4/14 mp.
Casting: Mephitic Cloud (quite dangerous; 22% risk of failure)
Confirm with . or Enter, or press ? or * to list all spells.
The spell is quite dangerous to miscast (22% risk of failure)!
Continue anyway?
Aiming: Mephitic Cloud (quite dangerous; 22% risk of failure)
Press: ? - help, Shift-Dir - straight line, f/p - Duvessa
Aim: Duvessa, wielding a +0 short sword and wearing a +0 leather armour (lightly wounded, chance to affect: 81%)
You miscast Mephitic Cloud.
Nothing appears to happen. 😕 MP[-3]
You lost 3 mp, and now have 1/14 mp.
Unknown command.
You closely miss Duvessa. You claw Duvessa, but do no damage.
You bite Duvessa, but do no damage. Duvessa barely misses you.
You closely miss Duvessa. Your kick misses Duvessa.
You bite Duvessa, but do no damage. Duvessa closely misses you.
A goblin comes into view. It is wielding a +0 club. 😕 MP[+1]
You hit Duvessa but do no damage.
Duvessa is poisoned.
Your kick misses Duvessa. You bite Duvessa, but do no damage.
Duvessa hits you with a +0 short sword. 😮 HP[-6]
You take 6 damage, and now have 31/44 hp.
You hit Duvessa but do no damage.
Duvessa looks as sick as possible!
You claw Duvessa.
Duvessa hits you with a +0 short sword! 😮 HP[-7]
You take 7 damage, and now have 24/44 hp.
You hit Duvessa.
Duvessa looks as sick as possible!
Your kick misses Duvessa. Duvessa hits you with a +0 short sword.
* * * LOW HITPOINT WARNING * * *
The goblin hits you with a +0 club.
* * * LOW HITPOINT WARNING * * *
😨 HP[-10]
You take 10 damage, and now have 14/44 hp.
MASSIVE DAMAGE!! (PAUSE) Unknown command.
Magic courses through your body. Duvessa hits you with a +0 short sword!
* * * LOW HITPOINT WARNING * * *
The goblin hits you with a +0 club.
* * * LOW HITPOINT WARNING * * *
😱 HP[-13] MP[+12]
You take 13 damage, and now have 1/44 hp.
MASSIVE DAMAGE!! (PAUSE)
Your mp is fully restored (14).
You feel better. Duvessa hits you with a +0 short sword!
* * * LOW HITPOINT WARNING * * *
The goblin barely misses you. 😱 HP[+1]
Okay, then.
Casting: Mephitic Cloud (quite dangerous; 22% risk of failure)
Confirm with . or Enter, or press ? or * to list all spells.
The spell is quite dangerous to miscast (22% risk of failure)!
Continue anyway?
You miscast Ignite Poison.
There is a sudden and violent explosion of flames!
You die...

Skill      XL: |  1  2  3  4  5  6 |
---------------+-------------------+-----
Spellcasting   | 5 |  5.3
Invocations    | 1 2 |  2.1
Fighting       | 1 |  1.9
Short Blades   | 1 |  1.9
Long Blades    | 1 |  1.9
Axes           | 1 |  1.9
Maces & Flails | 1 |  1.9
Polearms       | 1 |  1.9
Staves         | 1 |  1.9
Slings         | 1 |  1.9
Bows           | 1 |  1.9
Crossbows      | 1 |  1.9
Throwing       | 1 |  1.9
Armour         | 1 |  1.9
Shields        | 1 |  1.9
Unarmed Combat | 1 |  1.9
Evocations     | 1 |  1.9
Conjurations   | 1 |  1.5
Hexes          | 1 |  1.5
Summonings     | 1 |  1.5
Translocations | 1 |  1.5
Transmutations | 1 |  1.5
Fire Magic     | 1 |  1.5
Ice Magic      | 1 |  1.5
Air Magic      | 1 |  1.5
Earth Magic    | 1 |  1.5
Poison Magic   | 1 |  1.5
Dodging        | 5 |  5.0
Stealth        | |  4.6
Necromancy     | |  7.3

Action                   |  1- 3 |  4- 6 || total
-------------------------+-------+-------++-------
Melee: Unarmed           |     1 |       ||     1
       Dagger            |    40 |    68 ||   108
       Bite              |     1 |     8 ||     9
       Punch             |       |     1 ||     1
       Kick              |       |     7 ||     7
 Cast: Necrotize         |    34 |    32 ||    66
       Mephitic Cloud    |       |     1 ||     1
  Use: Scroll            |     7 |       ||     7
       Potion            |       |     6 ||     6
 Stab: Sleeping          |    10 |     7 ||    17
       Distracted        |     1 |       ||     1
Armor: Robe              |     6 |    20 ||    26
Dodge: Dodged            |    28 |    67 ||    95

Levels and vault maps discovered:
D:1:      wheals_arrival_shading, layout_basic
D:2:      layout_loops_cross, kennysheep_generic_room_8
D:3:      layout_rooms, serial_aquarium, aquarium_bridge_island_small
          [aquarium_subvault_small_open, aquarium_subvault_window,
          aquarium_subvault_bridge, aquarium_subvault_bridge,
          aquarium_subvault_window], aquarium_window_corner, aquarium_window_2,
          aquarium_view_2d, aquarium_view_2c, aquarium_balcony_3a,
          aquarium_pool_2
D:4:      layout_rooms, minivault_23, uniq_duvessa

Notes
Turn   | Place    | Note
-------+----------+-------------------------------------------
     0 | D:1      | spaghetti the Gnoll Necromancer began the quest for the
                  | Orb.
     0 | D:1      | Reached XP level 1. HP: 13/13 MP: 6/6
     0 | D:1      | magus.rc [v1.9.6]
    67 | D:1      | HP: 3/13 [gnoll/+0 whip (4)]
    69 | D:1      | Reached XP level 2. HP: 5/20 MP: 1/7
   393 | D:1      | You pick up a book of Alchemy and begin reading...
   393 | D:1      | You add the spells Sublimation of Blood, Petrify and
                  | Irradiate to your library.
   964 | D:1      | Reached XP level 3. HP: 25/25 MP: 5/9
  1042 | D:1      | Reached skill level 5 in Spellcasting
  1597 | D:2      | Reached skill level 1 in Invocations
  1738 | D:2      | You pick up a book of Callings and begin reading...
  1738 | D:2      | You add the spells Summon Small Mammal, Call Canine
                  | Familiar and Summon Guardian Golem to your library.
  1829 | D:2      | Learned a level 3 spell: Call Canine Familiar
  1890 | D:2      | Reached skill level 1 in Fighting
  1890 | D:2      | Reached skill level 1 in Short Blades
  1890 | D:2      | Reached skill level 1 in Long Blades
  1890 | D:2      | Reached skill level 1 in Axes
  1890 | D:2      | Reached skill level 1 in Maces & Flails
  1890 | D:2      | Reached skill level 1 in Polearms
  1890 | D:2      | Reached skill level 1 in Staves
  1890 | D:2      | Reached skill level 1 in Slings
  1890 | D:2      | Reached skill level 1 in Bows
  1890 | D:2      | Reached skill level 1 in Crossbows
  1890 | D:2      | Reached skill level 1 in Throwing
  1890 | D:2      | Reached skill level 1 in Armour
  1890 | D:2      | Reached skill level 1 in Shields
  1890 | D:2      | Reached skill level 1 in Unarmed Combat
  1890 | D:2      | Reached skill level 1 in Evocations
  2160 | D:3      | Reached XP level 4. HP: 30/32 MP: 9/11
  2232 | D:3      | Reached skill level 1 in Conjurations
  2232 | D:3      | Reached skill level 1 in Hexes
  2232 | D:3      | Reached skill level 1 in Summonings
  2232 | D:3      | Reached skill level 1 in Translocations
  2232 | D:3      | Reached skill level 1 in Transmutations
  2232 | D:3      | Reached skill level 1 in Fire Magic
  2232 | D:3      | Reached skill level 1 in Ice Magic
  2232 | D:3      | Reached skill level 1 in Air Magic
  2232 | D:3      | Reached skill level 1 in Earth Magic
  2232 | D:3      | Reached skill level 1 in Poison Magic
  2476 | D:3      | Reached XP level 5. HP: 37/37 MP: 12/12
  3003 | D:4      | Noticed a phantom
  3020 | D:4      | Gained mutation: You are occasionally teleported next to
                  | monsters. [potion of mutation]
  3020 | D:4      | Gained mutation: You have sharp toenails. [potion of
                  | mutation]
  3040 | D:4      | Killed a phantom
  3040 | D:4      | HP: 9/37 [ball python (2)]
  3041 | D:4      | Reached skill level 2 in Invocations
  3041 | D:4      | Reached XP level 6. HP: 11/44 MP: 13/13
  3506 | D:4      | You add the spells Ignite Poison, Mephitic Cloud and
                  | Freezing Cloud to your library.
  3535 | D:4      | Reached skill level 5 in Dodging
  3540 | D:4      | Learned a level 4 spell: Animate Dead
  3544 | D:4      | Learned a level 3 spell: Ignite Poison
  3548 | D:4      | Learned a level 3 spell: Mephitic Cloud
  3559 | D:4      | Noticed a steam dragon
  3560 | D:4      | Noticed Duvessa
  3573 | D:4      | HP: 4/44 [Duvessa/+0 short sword (11)]
  3573 | D:4      | HP: 1/44 [goblin/+0 club (3)]
  3575 | D:4      | Killed by miscasting Ignite Poison

Vanquished Creatures
  A phantom (D:4)
  A howler monkey (D:4)
  A hound (D:4)
  An iguana (D:4)
  An orc wizard (D:3)
  A gnoll (D:1)
  3 adders
  2 dart slugs (D:1)
  8 orcs
  2 endoplasms
  2 giant cockroaches
  4 goblins
  A hobgoblin (D:1)
  10 jackals
  5 quokkas
  8 ball pythons
  5 bats
  5 kobolds
  A rat (D:1)
62 creatures vanquished.

Vanquished Creatures (collateral kills)
  A goblin (D:3)
  A hobgoblin (D:3)
2 creatures vanquished.

Grand Total: 64 creatures vanquished

Table legend:
 A = Non-vault XP
 B = Vault XP
 C = Vault XP percentage of total XP
 D = Non-vault monster count
 E = Vault monster count
 F = Vault count percentage of total count
                 A         B        C        D         E       F
            +---------+---------+-------+---------+---------+-------
      Total |     435 |       0 |   0.0 |      64 |       0 |   0.0
            +---------+---------+-------+---------+---------+-------
        D:1 |      42 |       0 |   0.0 |      15 |       0 |   0.0
        D:2 |      33 |       0 |   0.0 |      14 |       0 |   0.0
        D:3 |      92 |       0 |   0.0 |      18 |       0 |   0.0
        D:4 |     268 |       0 |   0.0 |      17 |       0 |   0.0
            +---------+---------+-------+---------+---------+-------

Illustrated notes

Table legend:
 A = Kills in this place as a percentage of kills in entire the game.
 B = Kills by you in this place as a percentage of kills by you in the entire game.
 C = Kills by friends in this place as a percentage of kills by friends in the entire game.
 D = Other kills in this place as a percentage of other kills in the entire game.
 E = Experience gained in this place as a percentage of experience gained in the entire game.
 F = Experience gained in this place divided by the number of levels of this place that you have seen.
                   A       B       C       D       E      F
               +-------+-------+-------+-------+-------+----------------------
         Total | 100.0 | 100.0 | 100.0 |   N/A | 100.0 | 108.8
       Dungeon | 100.0 | 100.0 | 100.0 |   N/A | 100.0 | 108.8
               +-------+-------+-------+-------+-------+----------------------

Table legend: (Time is in decaauts)
 A = Elapsed time spent in this place.
 B = Non-inter-level travel time spent in this place.
 C = Inter-level travel time spent in this place.
 D = Time resting spent in this place.
 E = Time spent auto-exploring this place.
 F = Levels seen in this place.
 G = Mean time per level.
                   A        B        C        D        E       F      G
               +--------+--------+--------+--------+--------+-----+--------+
         Total |   3554 |   3472 |     82 |    100 |   2942 |   4 |  888.5 |
       Dungeon |   3554 |   3472 |     82 |    100 |   2942 |   4 |  888.5 |
               +--------+--------+--------+--------+--------+-----+--------+

Top non-repeatable levels by time:
     D:1: 1233 daAuts
     D:2: 864 daAuts
     D:4: 756 daAuts
     D:3: 699 daAuts
